ESL (28 & UNDER)
BUFFALO LIGHTSABRES @ NEWARK BULLDOGS
07/28/2028
 
TOP OF THE 1ST
Buffalo LightSabres batting - Pitching for Newark Bulldogs : LHP Vicente López
Pitching: LHP Vicente López
Batting: SHB Barrett Bowden 0-0: DOUBLE (Flyball, 78XD)
Batting: LHB Craig Kenney 0-0: Swinging Strike
0-1: Ground out 6-3 (Groundball, 6)
Batting: LHB Zack Payton 0-0: Called Strike
Barrett Bowden is caught stealing 3rd base
0-1: Foul Ball, location: 2F
0-2: Strikes out swinging
Top of the 1st over - 0 run(s), 1 hit(s), 0 error(s), 0 left on base; Buffalo 0 - Newark 0
BOTTOM OF THE 1ST
Newark Bulldogs batting - Pitching for Buffalo LightSabres : RHP Albert Colwill
Pitching: RHP Albert Colwill
Batting: LHB Gerardo Guzmán 0-0: Ball
1-0: Ball
2-0: Ball
3-0: Called Strike
3-1: Base on Balls
Batting: RHB Wilson Flores 0-0: Ball
1-0: Called Strike
1-1: Called Strike
1-2: Strikes out swinging
Batting: LHB Gabriel Aragón 0-0: Ball
1-0: Called Strike
1-1: Ball
2-1: Swinging Strike
2-2: Ball
3-2: 2-RUN HOME RUN (Flyball, 89XD), Distance : 413 ft
Batting: RHB Tony Long 0-0: Ball
1-0: Swinging Strike
1-1: Ball
2-1: Foul Ball, location: 2F
2-2: Ball
3-2: Foul Ball, location: 2F
3-2: Foul Ball, location: 2F
3-2: Base on Balls
Batting: LHB Wes Stone 0-0: Ball
1-0: DOUBLE (Flyball, 7LM)
Tony Long to third
Runner from 3rd tries for Home, SAFE, no throw
Batting: RHB Norris Howard 0-0: Called Strike
Wes Stone steals 3rd base
0-1: Fly out, F7 (Flyball, 7LSF)
Runner from 3rd tags up, SCORES, no throw
Batting: LHB Wes Thompson 0-0: Called Strike
0-1: Foul Ball, location: 2F
0-2: Strikes out swinging
Bottom of the 1st over - 4 run(s), 2 hit(s), 0 error(s), 0 left on base; Buffalo 0 - Newark 4
TOP OF THE 2ND
Buffalo LightSabres batting - Pitching for Newark Bulldogs : LHP Vicente López
Batting: RHB Gabriel Ángel 0-0: Foul Ball, location: 2F
0-1: Swinging Strike
0-2: Ball
1-2: Ball
2-2: Ball
3-2: Fly out, F3 (Line Drive, 34)
Batting: RHB John Warren 0-0: Ball
1-0: Called Strike
1-1: Ball
2-1: Ball
3-1: SINGLE (Groundball, 4D)
Batting: RHB Augusto Padilla 0-0: Ball
1-0: Fly out, F9 (Flyball, 89M)
Batting: SHB Clifton Hampton 0-0: Called Strike
0-1: Foul Ball, location: 2F
0-2: Ball
1-2: Foul Ball, location: 2F
1-2: Strikes out looking
Top of the 2nd over - 0 run(s), 1 hit(s), 0 error(s), 1 left on base; Buffalo 0 - Newark 4
BOTTOM OF THE 2ND
Newark Bulldogs batting - Pitching for Buffalo LightSabres : RHP Albert Colwill
Batting: RHB Joe Baker 0-0: Ball
1-0: Fly out, F8 (Flyball, 8RS)
Batting: RHB Stan Simpson 0-0: Called Strike
0-1: Ball
1-1: DOUBLE (Line Drive, 7LS)
Batting: LHB Gerardo Guzmán 0-0: Ball
1-0: Ball
2-0: Ball
3-0: Called Strike
3-1: Swinging Strike
3-2: Base on Balls
Batting: RHB Wilson Flores 0-0: Ball
1-0: Fielders Choice at 2nd, 6-4 (Groundball, 6)
Stan Simpson to third
Batting: LHB Gabriel Aragón 0-0: Ball
1-0: Called Strike
1-1: SINGLE (Groundball, 4D)
Stan Simpson scores
Wilson Flores to second
Runner from 2nd tries for 3rd, SAFE, no throw
Batting: RHB Tony Long 0-0: Called Strike
0-1: Called Strike
0-2: Foul Ball, location: 2F
0-2: Ball
1-2: Ball
2-2: Strikes out swinging
Bottom of the 2nd over - 1 run(s), 2 hit(s), 0 error(s), 2 left on base; Buffalo 0 - Newark 5
TOP OF THE 3RD
Buffalo LightSabres batting - Pitching for Newark Bulldogs : LHP Vicente López
Batting: RHB Mike Wagner 0-0: Ball
1-0: Ball
2-0: Called Strike
2-1: Called Strike
2-2: Ball
3-2: Strikes out swinging
Batting: RHB Pedro Romero 0-0: Called Strike
0-1: Ball
1-1: Ball
2-1: Ground out 6-3 (Groundball, 6)
Batting: SHB Barrett Bowden 0-0: Called Strike
0-1: Foul Ball, location: 2F
0-2: Strikes out swinging
Top of the 3rd over - 0 run(s), 0 hit(s), 0 error(s), 0 left on base; Buffalo 0 - Newark 5
BOTTOM OF THE 3RD
Newark Bulldogs batting - Pitching for Buffalo LightSabres : RHP Albert Colwill
Batting: LHB Wes Stone 0-0: Ball
1-0: Ball
2-0: Ball
3-0: Base on Balls
Batting: RHB Norris Howard 0-0: Ball
1-0: Ball
2-0: Grounds into double play, 5-4-3 (Groundball, 56)
Batting: LHB Wes Thompson 0-0: Ball
1-0: Foul Ball, location: 2F
1-1: Called Strike
1-2: Foul Ball, location: 2F
1-2: Ball
2-2: Ball
3-2: Base on Balls
Batting: RHB Joe Baker 0-0: Ball
1-0: Fly out, F8 (Line Drive, 8LD)
Bottom of the 3rd over - 0 run(s), 0 hit(s), 0 error(s), 1 left on base; Buffalo 0 - Newark 5
TOP OF THE 4TH
Buffalo LightSabres batting - Pitching for Newark Bulldogs : LHP Vicente López
Batting: LHB Craig Kenney 0-0: Ball
1-0: Called Strike
1-1: Ball
2-1: Ball
3-1: Fly out, F3 (Line Drive, 3)
Batting: LHB Zack Payton 0-0: Foul Ball, location: 2F
0-1: Ball
1-1: SINGLE (Groundball, 56S) (infield hit)
Batting: RHB Gabriel Ángel 0-0: Ball
1-0: Foul Ball, location: 2F
1-1: Ball
2-1: Foul Ball, location: 2F
2-2: Ball
3-2: Foul Ball, location: 2F
3-2: Foul Ball, location: 2F
3-2: Foul Ball, location: 2F
3-2: Base on Balls
Zack Payton to second
Batting: RHB John Warren 0-0: Foul Ball, location: 2F
0-1: Ball
1-1: Foul Ball, location: 2F
1-2: Ball
2-2: Strikes out swinging
Batting: RHB Augusto Padilla 0-0: Called Strike
0-1: Ball
1-1: Ball
2-1: Fly out, F8 (Flyball, 8RM)
Top of the 4th over - 0 run(s), 1 hit(s), 0 error(s), 2 left on base; Buffalo 0 - Newark 5
BOTTOM OF THE 4TH
Newark Bulldogs batting - Pitching for Buffalo LightSabres : RHP Albert Colwill
Batting: RHB Stan Simpson 0-0: Foul Ball, location: 2F
0-1: Called Strike
0-2: Ball
1-2: Strikes out swinging
Batting: LHB Gerardo Guzmán 0-0: Called Strike
0-1: SINGLE (Groundball, 3D)
Batting: RHB Wilson Flores 0-0: Ball
Gerardo Guzmán steals 2nd base
1-0: Called Strike
1-1: Swinging Strike
1-2: Ball
2-2: Ground out 6-3 (Groundball, 6)
Gerardo Guzmán to third
Batting: LHB Gabriel Aragón 0-0: Called Strike
0-1: Ball
1-1: Ball
2-1: Swinging Strike
2-2: SINGLE (Line Drive, 6MD)
Gerardo Guzmán scores
Batting: RHB Tony Long 0-0: Swinging Strike
0-1: Ball
Wild Pitch!
Gabriel Aragón to second
1-1: Ball
2-1: Called Strike
2-2: Strikes out swinging
Bottom of the 4th over - 1 run(s), 2 hit(s), 0 error(s), 1 left on base; Buffalo 0 - Newark 6
TOP OF THE 5TH
Buffalo LightSabres batting - Pitching for Newark Bulldogs : LHP Vicente López
Batting: SHB Clifton Hampton 0-0: SINGLE (Groundball, 4MD)
Batting: RHB Mike Wagner 0-0: SINGLE (Groundball, 34D)
Clifton Hampton to second
Runner from 2nd tries for 3rd, SAFE, throw made to third
Mike Wagner to second
Batting: RHB Pedro Romero 0-0: Ball
1-0: Ball
2-0: Ball
3-0: Called Strike
3-1: Base on Balls
Batting: SHB Barrett Bowden 0-0: Ball
1-0: Called Strike
1-1: SINGLE (Flyball, 4MD)
Clifton Hampton scores
Mike Wagner to third
Pedro Romero to second
Batting: LHB Craig Kenney 0-0: SINGLE (Groundball, 56D)
Mike Wagner scores
Pedro Romero to third
Barrett Bowden to second
Runner from 3rd tries for Home, SAFE, no throw
Batting: LHB Zack Payton 0-0: Called Strike
0-1: Ball
1-1: Ball
2-1: Foul Ball, location: 2F
2-2: Fly out, F9 (Flyball, 9S)
Batting: RHB Gabriel Ángel 0-0: Ball
1-0: Swinging Strike
1-1: Called Strike
1-2: Ball
2-2: Strikes out swinging
Batting: RHB John Warren 0-0: Called Strike
0-1: Foul Ball, location: 2F
0-2: Strikes out swinging
Top of the 5th over - 3 run(s), 4 hit(s), 0 error(s), 2 left on base; Buffalo 3 - Newark 6
BOTTOM OF THE 5TH
Newark Bulldogs batting - Pitching for Buffalo LightSabres : RHP Albert Colwill
Pitching: RHP Pat Jackson
Batting: LHB Wes Stone 0-0: Ball
1-0: Foul Ball, location: 2F
1-1: SINGLE (Line Drive, 8LS)
Batting: RHB Norris Howard 0-0: Ball
1-0: Ball
2-0: Swinging Strike
2-1: Swinging Strike
2-2: Strikes out looking
Batting: LHB Wes Thompson 0-0: Ball
1-0: DOUBLE (Flyball, 8RXD)
Wes Stone to third
Batting: RHB Joe Baker 0-0: Ball
1-0: Swinging Strike
1-1: Called Strike
1-2: Ball
2-2: Strikes out swinging
Batting: RHB Stan Simpson 0-0: Called Strike
0-1: Ball
1-1: Ball
2-1: Foul Ball, location: 2F
2-2: Strikes out swinging
Bottom of the 5th over - 0 run(s), 2 hit(s), 0 error(s), 2 left on base; Buffalo 3 - Newark 6
TOP OF THE 6TH
Buffalo LightSabres batting - Pitching for Newark Bulldogs : LHP Vicente López
Batting: RHB Augusto Padilla 0-0: Called Strike
0-1: Ball
1-1: Ball
2-1: Foul Ball, location: 2F
2-2: Fly out, F2 (Popup, 13S)
Batting: SHB Clifton Hampton 0-0: SINGLE (Line Drive, 34)
Batting: RHB Mike Wagner 0-0: Called Strike
0-1: Ball
1-1: Ball
2-1: Ball
3-1: Swinging Strike
Passed Ball!
Clifton Hampton to second
3-2: Foul Ball, location: 2F
3-2: Strikes out swinging
Pitching: RHP Chris Johns
Batting: RHB Pedro Romero 0-0: SINGLE (Line Drive, 56D)
Clifton Hampton to third
Batting: SHB Barrett Bowden 0-0: Called Strike
0-1: Ball
1-1: Ball
2-1: Fielders Choice at 2nd, 4-6 (Groundball, 4)
Top of the 6th over - 0 run(s), 2 hit(s), 0 error(s), 1 left on base; Buffalo 3 - Newark 6
BOTTOM OF THE 6TH
Newark Bulldogs batting - Pitching for Buffalo LightSabres : RHP Pat Jackson
Batting: LHB Gerardo Guzmán 0-0: Called Strike
0-1: Foul Ball, location: 2F
0-2: Ball
1-2: Strikes out swinging
Batting: RHB Wilson Flores 0-0: Foul Ball, location: 2F
0-1: Foul Ball, location: 2F
0-2: DOUBLE (Flyball, 8RXD)
Batting: LHB Gabriel Aragón 0-0: Ball
1-0: Foul Ball, location: 2F
1-1: SINGLE (Groundball, 4D)
Wilson Flores to third
Runner from 3rd tries for Home, SAFE, no throw
Batting: RHB Tony Long 0-0: Ball
1-0: Called Strike
1-1: Ball
2-1: Ball
3-1: Called Strike
3-2: Fly out, F6 (Line Drive, 6)
Batting: LHB Wes Stone 0-0: Called Strike
0-1: Foul Ball, location: 2F
0-2: 2-RUN HOME RUN (Flyball, 9D), Distance : 382 ft
Batting: RHB Norris Howard 0-0: Swinging Strike
0-1: Called Strike
0-2: Ball
1-2: Fly out, F8 (Flyball, 8LXD)
Bottom of the 6th over - 3 run(s), 3 hit(s), 0 error(s), 0 left on base; Buffalo 3 - Newark 9
TOP OF THE 7TH
Buffalo LightSabres batting - Pitching for Newark Bulldogs : RHP Chris Johns
Batting: LHB Craig Kenney 0-0: Ball
1-0: Ball
2-0: Ball
3-0: Called Strike
3-1: Fly out, F8 (Flyball, 8LM)
Batting: LHB Zack Payton 0-0: Fly out, F7 (Flyball, 7S)
Batting: RHB Gabriel Ángel 0-0: Ball
1-0: Ball
2-0: SINGLE (Groundball, 56D)
Batting: RHB John Warren 0-0: Ball
1-0: Foul Ball, location: 2F
1-1: Fielders Choice at 2nd, 5-4 (Groundball, 56)
Top of the 7th over - 0 run(s), 1 hit(s), 0 error(s), 0 left on base; Buffalo 3 - Newark 9
BOTTOM OF THE 7TH
Newark Bulldogs batting - Pitching for Buffalo LightSabres : RHP Pat Jackson
Batting: LHB Wes Thompson 0-0: Ball
1-0: Fly out, F8 (Flyball, 8LD)
Batting: RHB Joe Baker 0-0: Called Strike
0-1: Ball
1-1: Fly out, F8 (Line Drive, 8RD)
Batting: RHB Stan Simpson 0-0: Called Strike
0-1: Foul Ball, location: 2F
0-2: Foul Ball, location: 2F
0-2: Strikes out swinging
Bottom of the 7th over - 0 run(s), 0 hit(s), 0 error(s), 0 left on base; Buffalo 3 - Newark 9
TOP OF THE 8TH
Buffalo LightSabres batting - Pitching for Newark Bulldogs : RHP Chris Johns
Batting: RHB Augusto Padilla 0-0: Ball
1-0: Foul Ball, location: 2F
1-1: Fly out, F9 (Flyball, 9LS)
Batting: SHB Clifton Hampton 0-0: Ball
1-0: Foul Ball, location: 2F
1-1: Swinging Strike
1-2: Strikes out looking
Batting: RHB Mike Wagner 0-0: Fly out, F5 (Line Drive, 56S)
Top of the 8th over - 0 run(s), 0 hit(s), 0 error(s), 0 left on base; Buffalo 3 - Newark 9
BOTTOM OF THE 8TH
Newark Bulldogs batting - Pitching for Buffalo LightSabres : RHP Pat Jackson
Pitching: RHP Gavin Robbins
Batting: LHB Gerardo Guzmán 0-0: Ball
1-0: Called Strike
1-1: Ball
2-1: Foul Ball, location: 2F
2-2: Strikes out looking
Batting: RHB Wilson Flores 0-0: Swinging Strike
0-1: Ball
1-1: Fly out, F5 (Popup, 5S)
Batting: LHB Gabriel Aragón 0-0: Called Strike
0-1: Ball
1-1: Foul Ball, location: 2F
1-2: Ground out 6-3 (Groundball, 6)
Bottom of the 8th over - 0 run(s), 0 hit(s), 0 error(s), 0 left on base; Buffalo 3 - Newark 9
TOP OF THE 9TH
Buffalo LightSabres batting - Pitching for Newark Bulldogs : RHP Chris Johns
Now at 3B: Juan Martínez
Batting: RHB Pedro Romero 0-0: Ball
1-0: Called Strike
1-1: Swinging Strike
1-2: SINGLE (Groundball, 56D)
Batting: SHB Barrett Bowden 0-0: Ball
1-0: Foul Ball, location: 2F
1-1: Ball
2-1: Ball
3-1: Base on Balls
Pedro Romero to second
Batting: LHB Craig Kenney 0-0: Fly out, F7 (Flyball, 78S)
Batting: LHB Zack Payton 0-0: Ball
1-0: 3-RUN HOME RUN (Flyball, 9LD), Distance : 356 ft
Pitching: RHP Roberto Cordero
Batting: RHB Gabriel Ángel 0-0: Ball
1-0: Ground out 5-3 (Groundball, 5L)
Batting: RHB John Warren 0-0: Ball
1-0: Foul Ball, location: 2F
1-1: Ball
2-1: Ball
3-1: Called Strike
3-2: Strikes out swinging
Top of the 9th over - 3 run(s), 2 hit(s), 0 error(s), 0 left on base; Buffalo 6 - Newark 9
Tuesday, August 8th, 2017 - OOTP Baseball 17.12 Build 75